 Dungeon Crawl Stone Soup version 0.28-a0-1524-ge72afd5fc6 (webtiles) character file.

Game seed: 3842840651849363177

114 psuckher the Sneak (level 4, -8/37 HPs)
             Began as a Barachi Delver on Jan 17, 2022.
             Killed from afar by a white imp (10 damage)
             ... with a puff of frost
             ... on level 5 of the Dungeon.
             The game lasted 00:02:26 (745 turns).

psuckher the Sneak (Barachi Delver)                  Turns: 745, Time: 00:02:27

Health: -8/37      AC:  3    Str: 15    XL:     4   Next: 98%
Magic:  4/4        EV: 12    Int: 10    God:
Gold:   28         SH:  0    Dex: 14    Spells: 3/3 levels left

rFire   . . .      SeeInvis .   a - +0 falchion
rCold   . . .      Faith    .   (no shield)
rNeg    . . .      Spirit   .   b - +0 leather armour
rPois   .          Reflect  .   (no helmet)
rElec   .          Harm     .   (no cloak)
rCorr   .          Rampage  .   (no gloves)
Will    .....                   (no boots)
Stlth   +++.......              (no amulet)
HPRegen 0.12/turn               (no ring)
MPRegen 0.09/turn               (no ring)

@: slow
A: amphibious, slowness 1, strong legs 1, +LOS
a: Hop


You were on level 5 of the Dungeon.
You visited 1 branch of the dungeon, and saw 1 of its levels.

You collected 28 gold pieces.

Inventory:

Hand Weapons
 a - a +0 falchion (weapon)
Armour
 b - a +0 leather armour (worn)
Wands
 g - a wand of digging (3)
Scrolls
 c - a scroll of fog
 d - a scroll of magic mapping
 e - a scroll of fear
 h - a scroll of identify {unknown}
Potions
 f - a potion of haste


   Skills:
 + Level 4.2 Fighting
 + Level 3.0 Long Blades
 + Level 1.6 Armour
 + Level 2.4 Dodging
 + Level 5.7 Stealth


You had 3 spell levels left.
You didn't know any spells.
Your spell library contained the following spells:

 Spells                   Type           Power      Damage    Failure   Level
 Foxfire                  Conj/Fire      0%         2x1d4     43%         1
 Conjure Flame            Conj/Fire      0%         6-21      80%         3
 Inner Flame              Hex/Fire       0%         N/A       80%         3
 Flame Wave               Conj/Fire      0%         2d4       99%         4


Dungeon Overview and Level Annotations

Branches:
Dungeon (5/15)
 Temple: D:4-7

Altars:
Makhleb


Innate Abilities, Weirdness & Mutations

You are amphibious.
You cover ground slowly.
You can hop short distances.
You have an extended range of vision and can be seen from far away.


Message History

The adder hisses angrily.
You miss the adder. The adder closely misses you. The adder bites you.
You slash the adder!
The adder is severely wounded.
The adder bites you.
You are poisoned.
The adder poisons you!
You hit the adder.
You kill the adder!
You feel sick.
You feel sick.
You see here an adder corpse.
You feel sick.
You feel sick.
You feel sick.
You are no longer poisoned.
You see here an adder corpse.
You see here an adder corpse.
You see here an adder corpse.
You see here an adder corpse.
You see here an adder corpse.
You see here an adder corpse.
You see here an adder corpse.
You see here an adder corpse.
You see here an adder corpse.
You see here an adder corpse.
A white imp comes into view.
The white imp shouts!
A necrophage comes into view.
The white imp gestures at you. The puff of frost hits you!
A hound comes into view.
The white imp gestures at you. The puff of frost hits you!
The white imp gestures at you. The puff of frost hits you!
* * * LOW HITPOINT WARNING * * *
The white imp gestures at you. The puff of frost hits you!
You die...

#.....#.######
#........#
#...####.#
#...# #.#
#...# #.#
######...# #.#
.........# #.#
######...# #.#
.......#@#
#†###########
..####...#
#........^...
#...#
#############
#.####...#
#....5h..#
.........#
##########


You could see a hound and a white imp.

Vanquished Creatures
  An ice beast (D:5)
  A howler monkey zombie (D:5)
  An adder (D:5)
  A quokka (D:5)
4 creatures vanquished.

Notes
Turn   | Place    | Note
-------+----------+-------------------------------------------
     0 | D:5      | psuckher the Barachi Delver began the quest for the Orb.
     0 | D:5      | Reached XP level 1. HP: 18/18 MP: 1/1
    58 | D:5      | Found a burning altar of Makhleb.
   138 | D:5      | Reached XP level 2. HP: 5/25 MP: 2/2
   396 | D:5      | Noticed an ice beast
   419 | D:5      | Killed an ice beast
   420 | D:5      | Reached skill level 1 in Armour
   420 | D:5      | Reached skill level 5 in Stealth
   420 | D:5      | Reached XP level 3. HP: 17/30 MP: 3/3
   420 | D:5      | Reached XP level 4. HP: 21/37 MP: 4/4
   739 | D:5      | Noticed a necrophage
   745 | D:5      | Killed from afar by a white imp

Illustrated notes

Levels and vault maps discovered:
D:5:      layout_loops_ring, mainiacjoe_overflow_tiny_flanked,
          minmay_temple_entry_sparse_star, hangedman_abyss_or_decor_passed

Skill      XL: |  1  2 |
---------------+-------+-----
Fighting       | 4 |  4.2
Long Blades    | 3 |  3.0
Armour         | 1 |  1.6
Stealth        | 5 |  5.7
Dodging        | |  2.4

Action                   |  1- 3 |  4- 6 || total
-------------------------+-------+-------++-------
Melee: Falchion          |    23 |     3 ||    26
 Stab: Sleeping          |     1 |       ||     1
Armor: Leather armour    |     7 |       ||     7
Dodge: Dodged            |    11 |     1 ||    12

Table legend: (Time is in decaauts)
 A = Elapsed time spent in this place.
 B = Non-inter-level travel time spent in this place.
 C = Inter-level travel time spent in this place.
 D = Time resting spent in this place.
 E = Time spent auto-exploring this place.
 F = Levels seen in this place.
 G = Mean time per level.
                   A        B        C        D        E       F      G
               +--------+--------+--------+--------+--------+-----+--------+
         Total |    892 |    867 |     25 |      0 |      0 |   1 |  892.0 |
       Dungeon |    892 |    867 |     25 |      0 |      0 |   1 |  892.0 |
               +--------+--------+--------+--------+--------+-----+--------+

Top non-repeatable levels by time:
     D:5: 892 daAuts
